 Dungeon Crawl Stone Soup version 0.20-a0-429-g054b1fe (webtiles) character file.

13365 AlphabetPasta the Fighter (level 12, -2/128 HPs)
             Began as an Ogre Monk on Jan 1, 2017.
             Was a Priest of Okawaru.
             Killed from afar by AlphabetPasta's ghost (9 damage)
             ... with a sting
             ... on level 11 of the Dungeon.
             The game lasted 01:06:00 (13711 turns).

AlphabetPasta the Fighter (Ogre Monk)              Turns: 13711, Time: 01:06:02

Health: -2/128     AC:  8    Str: 18    XL:     12   Next: 5%
Magic:  15/15      EV: 18    Int: 11    God:    Okawaru [***...]
Gold:   537        SH:  0    Dex: 15    Spells: 11/11 levels left

rFire  . . .     SeeInvis +     a - +9 flail of Littoi {crush, rElec Stlth+}
rCold  + . .     Gourm    .     y - +2 robe of Honesty {MR+}
rNeg   . . .     Faith    .     (no shield)
rPois  .         Spirit   .     (helmet restricted)
rElec  +         Reflect  .     e - +2 cloak
rCorr  .         Harm     .     (gloves unavailable)
MR     ++...                    (boots unavailable)
Stlth  ++++......               (no amulet)
                                q - ring of see invisible
                                H - ring of protection from cold

@: lethally poisoned (-2 -> -11), heroism, drained
A: unfitting armour, tough skin 1
a: Heroism, Renounce Religion


You were on level 11 of the Dungeon.
You worshipped Okawaru.
Okawaru was most pleased with you.
You were not hungry.

You visited 2 branches of the dungeon, and saw 12 of its levels.
You also visited: Sewer.

You collected 537 gold pieces.

Inventory:

Hand Weapons
 a - the +9 flail of Littoi (weapon) {crush, rElec Stlth+}
   (You found it on level 10 of the Dungeon)

   It inflicts extra damage upon your enemies.
   It insulates you from electricity.
   It makes you more stealthy.
 b - the +11 hunting sling of Gallantry {velocity, +Inv rPois Int-5 Dex+3}
   (You took it off an orc on level 9 of the Dungeon)

   Any stone fired from it inflicts extra damage.
   It affects your intelligence (-5).
   It affects your dexterity (+3).
   It protects you from poison.
   It lets you turn invisible.
 j - a +0 mace
 p - a +1 flail
 I - a +0 blowgun
 L - a +0 giant club
Missiles
 g - 38 sling bullets
 D - 4 javelins (quivered)
 G - a throwing net
 J - 19 poisoned needles
Armour
 e - a +2 cloak (worn)
 o - a +0 robe
 y - the +2 robe of Honesty (worn) {MR+}
   (You found it on level 6 of the Dungeon)

   It affects your resistance to hostile enchantments.
 z - a +0 robe of fire resistance
Jewellery
 d - an uncursed ring of flight
 f - an uncursed ring of stealth
 l - an uncursed ring of resist corrosion
 q - a ring of see invisible (right hand)
 H - a ring of protection from cold (left hand)
Wands
 m - a wand of flame (24/48)
 u - a wand of random effects (11/48)
 x - a wand of flame (13/48)
 C - a wand of flame (1/48)
Scrolls
 n - a scroll of recharging
 r - a scroll of magic mapping
 s - 2 scrolls of remove curse
 w - a scroll of teleportation
 E - a scroll of enchant armour
 M - 2 scrolls of fear
Potions
 i - 2 potions of curing
 k - a potion of magic {unknown}
 t - a potion of cancellation {unknown}
 B - a potion of lignification {unknown}
 F - a potion of berserk rage {unknown}
Comestibles
 c - 8 bread rations
 h - 7 meat rations
 v - 4 beef jerkies
 A - 8 fruits


   Skills:
 + Level 10.7(15.4) Fighting
 * Level 10.6(15.4) Maces & Flails
 + Level 7.8(12.6) Throwing
 + Level 8.0(12.8) Dodging
 - Level 1.4(6.2) Stealth
 * Level 4.1(3.9) Invocations
 - Level 4.9(4.7) Evocations


You had 11 spell levels left.
You didn't know any spells.

Dungeon Overview and Level Annotations

Branches:
Dungeon (11/15)            Temple (1/1) D:6            Lair (0/6) D:8
    Orc: D:9-12

Altars:
Ashenzari
Cheibriados
Dithmenos
Elyvilon
Fedhas
Gozag
Hepliaklqana
Kikubaaqudgha
Makhleb
Nemelex Xobeh
Okawaru
Qazlal
Ru
Sif Muna
Trog
Uskayaw
Vehumet
Xom
Yredelemnul
Zin
The Shining One

Shops:
D:7 (

Annotations:
D:11 AlphabetPasta's ghost, journeyman DDVM


Innate Abilities, Weirdness & Mutations

You are too large for most types of armour.
You have tough skin. (AC +1)


Message History

You are poisoned.
AlphabetPasta's ghost hits you!!
* * * LOW HITPOINT WARNING * * *
You hit AlphabetPasta's ghost but do no damage.
AlphabetPasta's ghost is severely damaged.
You feel sick.
* * * LOW HITPOINT WARNING * * *
You are more poisoned.
You miss AlphabetPasta's ghost.
AlphabetPasta's ghost is severely damaged.
AlphabetPasta's ghost hits you!
* * * LOW HITPOINT WARNING * * *
You sock AlphabetPasta's ghost!
AlphabetPasta's ghost is severely damaged.
* * * LOW HITPOINT WARNING * * *
You are more poisoned.
AlphabetPasta's ghost casts a spell at you.
The sting hits you!
You are lethally poisoned!
You die...

#.## ##. .....( #.#
##(.# #.....# ###
..../## #!..)# ##.#
#.....##..(#
######..## #.......(#
#........# #.......#
##....##.. #.....W.#
###.####) #....@..#
##### #(
#.......######..## #.
#..............>.## #.
#....#....#######.###.
...######### #..##(
...# #..### #.. ##.##
# ## #.## #.#


You could see AlphabetPasta's ghost.

Vanquished Creatures
  Erica (D:10)
  4 two-headed ogres
  A tengu warrior (D:10)
  The ghost of Amarein the Whirler, a novice HaHu of Okawaru (D:9)
  Joseph (D:7)
  A komodo dragon (D:8)
  A merfolk (D:9)
  The ghost of ultrashaft the Poker, an amateur NaMo (D:4)
  A tengu conjurer (D:10)
  4 hippogriffs
  Prince Ribbit (D:7)
  A vampire (D:11)
  Sigmund (D:2)
  3 yaks (D:9)
  2 water moccasins
  3 orc warriors
  Duvessa (D:7)
  2 black bears
  3 ice beasts
  A necrophage (D:7)
  2 phantoms
  6 centaurs
  An eye of draining (D:11)
  6 ogres
  A crocodile (Sewer)
  2 big kobolds
  10 bullfrogs
  A wyvern zombie (D:8)
  Dowan (D:7)
  4 scorpions
  5 killer bees (D:9)
  A water moccasin skeleton (D:11)
  7 wights
  6 howler monkeys
  A bullfrog zombie (D:10)
  2 crimson imps
  2 centaur zombies
  2 hounds
  A jelly (D:8)
  2 centaur skeletons
  4 orc priests
  9 orc wizards
  2 iguanas
  8 worker ants
  Ijyb (D:2)
  A killer bee zombie (D:6)
  A hound zombie (D:7)
  2 hound skeletons
  4 worker ant zombies
  Robin (D:4)
  A howler monkey zombie (D:11)
  13 gnolls
  13 adders
  A shadow imp (D:6)
  An ooze (D:5)
  3 adder skeletons
  2 adder zombies
  A worm (D:5)
  3 dart slugs
  2 leopard geckos
  34 orcs
  9 giant cockroaches
  21 goblins
  10 hobgoblins
  9 jackals
  21 kobolds
  8 quokkas
  A ball python (D:2)
  7 bats
  6 frilled lizards
  A giant cockroach zombie (D:5)
  5 rats
302 creatures vanquished.

Vanquished Creatures (others)
  A bullfrog skeleton (D:6)
  A leopard gecko (D:6)
  9 plants (D:8)
11 creatures vanquished.

Grand Total: 313 creatures vanquished

Notes
Turn   | Place    | Note
-------+----------+-------------------------------------------
     0 | D:1      | AlphabetPasta the Ogre Monk began the quest for the Orb.
     0 | D:1      | Reached XP level 1. HP: 24/24 MP: 1/1
   122 | D:1      | Reached XP level 2. HP: 25/32 MP: 2/2
   844 | D:1      | You fall through a shaft!
   864 | D:2      | Noticed Sigmund
   867 | D:2      | Reached XP level 3. HP: 39/39 MP: 3/3
  1218 | D:2      | Reached skill level 1 in Throwing
  1484 | D:2      | Reached XP level 4. HP: 41/49 MP: 4/4
  1581 | D:2      | Killed Sigmund
  1581 | D:2      | Reached skill level 5 in Fighting
  1581 | D:2      | Reached XP level 5. HP: 20/57 MP: 5/5
  1919 | D:2      | Reached XP level 6. HP: 32/66 MP: 6/6
  2095 | D:2      | Noticed Ijyb
  2108 | D:2      | Killed Ijyb
  2324 | D:3      | Found a white marble altar of Elyvilon.
  2701 | D:3      | Found a sparkling altar of Nemelex Xobeh.
  3214 | D:4      | Reached XP level 7. HP: 70/72 MP: 7/7
  3266 | D:4      | Found a snail-covered altar of Cheibriados.
  3274 | D:4      | Found a glowing silver altar of Zin.
  3340 | D:4      | Noticed ultrashaft's ghost (amateur NaMo)
  3875 | D:4      | Noticed Robin
  3909 | D:4      | Killed Robin
  3910 | D:4      | Reached skill level 5 in Maces & Flails
  4329 | D:4      | Killed ultrashaft's ghost
  4329 | D:4      | Reached XP level 8. HP: 50/83 MP: 8/8
  4470 | D:5      | Entered Level 5 of the Dungeon
  4653 | D:5      | Identified Deobre's Papyrus of Nocuous Transmutation
  4671 | D:5      | Found a glowing drain.
  4816 | Sewer    | Entered a sewer
  5373 | D:4      | Reached skill level 5 in Dodging
  5373 | D:4      | Reached skill level 1 in Evocations
  5518 | D:5      | Found a deep blue altar of Sif Muna.
  5518 | D:5      | Found a sacrificial altar of Ru.
  6549 | D:6      | Reached XP level 9. HP: 79/93 MP: 10/10
  6727 | D:6      | Found a staircase to the Ecumenical Temple.
  6736 | Temple   | Entered the Ecumenical Temple
  7027 | D:6      | Got a fine robe
  7038 | D:6      | Identified the +2 robe of Honesty {MR+} (You found it on level 6 of the Dungeon)
  7048 | D:6      | Found a basalt altar of Yredelemnul.
  7051 | D:6      | Found a glowing golden altar of the Shining One.
  7054 | D:6      | Noticed an angel
  7068 | D:6      | Noticed a profane servitor
  7457 | D:7      | Noticed Joseph
  7471 | D:7      | Killed Joseph
  7471 | D:7      | Reached skill level 5 in Throwing
  7778 | D:7      | Found Sianop's Antique Weapon Boutique.
  7824 | D:7      | Noticed Prince Ribbit
  8219 | D:7      | Killed Prince Ribbit
  8219 | D:7      | Reached XP level 10. HP: 77/106 MP: 12/12
  8369 | D:7      | Noticed Dowan
  8371 | D:7      | Noticed Duvessa
  8378 | D:7      | Killed Duvessa
  8383 | D:7      | Killed Dowan
  8469 | D:8      | Noticed a two-headed ogre
  9199 | D:8      | Noticed a two-headed ogre
  9208 | D:8      | Found a shadowy altar of Dithmenos.
  9242 | D:8      | Found a staircase to the Lair.
  9819 | D:8      | Noticed a two-headed ogre
  9830 | D:8      | Killed a two-headed ogre
  9988 | D:8      | Killed a two-headed ogre
 10389 | D:8      | Reached XP level 11. HP: 103/115 MP: 14/14
 10663 | D:8      | Killed a two-headed ogre
 11094 | D:9      | Noticed Amarein's ghost (novice HaHu)
 11131 | D:9      | Killed Amarein's ghost
 11131 | D:9      | Reached skill level 10 in Fighting
 11444 | D:9      | Noticed a two-headed ogre
 11451 | D:9      | Killed a two-headed ogre
 11451 | D:9      | Reached skill level 10 in Maces & Flails
 11469 | D:9      | Got a dazzling hunting sling
 11470 | D:9      | Identified the +11 hunting sling of Gallantry {velocity, +Inv rPois Int-5 Dex+3} (You took it off an orc on level 9 of the Dungeon)
 11515 | D:9      | Found an iron altar of Okawaru.
 11517 | D:9      | Found a bloodstained altar of Trog.
 11524 | D:9      | Became a worshipper of Warmaster Okawaru
 11524 | D:9      | Reached * piety under Okawaru
 11524 | D:9      | Reached ** piety under Okawaru
 11770 | D:9      | Reached skill level 1 in Invocations
 12263 | D:9      | Found a burning altar of Makhleb.
 12265 | D:9      | Found a radiant altar of Vehumet.
 12358 | D:10     | Entered Level 10 of the Dungeon
 12551 | D:10     | Got a transparent flail
 12552 | D:10     | Identified the +9 flail of Littoi {crush, rElec Stlth+} (You found it on level 10 of the Dungeon)
 12703 | D:10     | Noticed Erica
 12710 | D:10     | Killed Erica
 12759 | D:10     | Noticed a tengu warrior
 12774 | D:10     | Killed a tengu warrior
 12774 | D:10     | Reached *** piety under Okawaru
 12950 | D:10     | Identified the Almanac of the Flying Escort
 13319 | D:11     | Reached XP level 12. HP: 126/128 MP: 15/15
 13514 | D:11     | Noticed AlphabetPasta's ghost (journeyman DDVM)
 13711 | D:11     | Killed from afar by AlphabetPasta's ghost

Vault maps used:
D:1:      eino_arrival_druids_welcome
D:2:      uniq_sigmund, uniq_iyjb
D:3:      marbit_many_paths, elyvilon_altar_5
D:4:      minitemple, minmay_liquid_box, minmay_misc_feat_encased, minivault_26,
          minmay_bisected, uniq_robin
D:5:      gammafunk_temple_overflow_pools, first_bread, portal_sewer_entry_d
D:6:      grunt_temple_overflow_holy_war
D:7:      serial_shops, kennysheep_mini, minmay_misc_feat_enclosed,
          uniq_prince_ribbit1, uniq_joseph, uniq_duvessa
D:8:      david_lair_shrubbed, basic_altar
D:9:      grunt_temple_overflow_bloody_war,
          grunt_temple_overflow_lords_of_destruction, hangedman_fish_farm
D:10:     uniq_erica
D:11:     minmay_goldmine, david_orc_1_choice, nooodl_food_tri
Temple:   compressed_dpeg_circular_temple
Sewer:    sewer_the_crocodile

Skill      XL: |  1  2  3  4  5  6  7  8  9 10 11 12 |
---------------+-------------------------------------+-----
Dodging        | 3 4 5 6 7 8 |  8.0
Maces & Flails | 3 4 5 6 8 9 10 | 10.6
Throwing       | 1 2 3 4 5 6 7 |  7.8
Fighting       | 5 6 7 8 9 10 | 10.7
Evocations     | 1 3 4 |  4.9
Invocations    | 3 4 |  4.1
Stealth        | |  1.4

Action                   |  1- 3 |  4- 6 |  7- 9 | 10-12 || total
-------------------------+-------+-------+-------+-------++-------
Melee: Mace              |    80 |       |       |       ||    80
       Flail             |    37 |   119 |   222 |    97 ||   475
       Giant club        |       |       |   156 |   320 ||   476
 Fire: Hunting sling     |       |    24 |    61 |    88 ||   173
Throw: Javelin           |       |       |    11 |    16 ||    27
Invok: Heroism           |       |       |       |     3 ||     3
Evoke: Wand              |       |       |     9 |     4 ||    13
  Use: Scroll            |     5 |     7 |     9 |     2 ||    23
       Potion            |     1 |       |     4 |     3 ||     8
 Stab: Sleeping          |     3 |     3 |     2 |     4 ||    12
       Invisible         |       |       |     4 |       ||     4
       Distracted        |       |       |     1 |     1 ||     2
  Eat: Chunk             |     2 |     6 |    15 |    15 ||    38
       Fruit             |       |       |     1 |       ||     1
       Royal jelly       |       |       |       |     1 ||     1
       Pizza             |       |       |       |     2 ||     2
Armor: Robe              |    39 |    46 |   105 |   128 ||   318
Dodge: Dodged            |    68 |    87 |   247 |   315 ||   717
